 Dungeon Crawl Stone Soup version 0.27-a0-836-gfc908b8576 (webtiles) character file.

Game seed: 17995047760748766544

62 sizableburger the Digger (level 3, -1/28 HPs)
             Began as a Draconian Earth Elementalist on Apr 1, 2021.
             Slain by an iguana (12 damage)
             ... on level 2 of the Dungeon.
             The game lasted 00:05:48 (2332 turns).

sizableburger the Digger (DrEE)                     Turns: 2332, Time: 00:05:48

Health: -1/28      AC:  5    Str: 10    XL:     3   Next: 85%
Magic:  2/6        EV: 12    Int: 16    God:
Gold:   143        SH:  0    Dex: 11    Spells: 0/6 levels left

rFire    . . .     SeeInvis +   e - +0 dagger
rCold    . . .     Faith    .   (no shield)
rNeg     . . .     Spirit   .   (armour unavailable)
rPois    .         Reflect  .   (helmet restricted)
rElec    .         Harm     .   (no cloak)
rCorr    .         Rampage  .   (no gloves)
Will     .....                  (no boots)
Stlth    ++........             g - amulet of magic regeneration
HPRegen  0.09/turn              (no ring)
MPRegen  0.35/turn              (no ring)

@: no status effects
A: AC +5, unfitting armour, cold-blooded, claws 1, see invisible
a: no special abilities


You were on level 2 of the Dungeon.
You visited 1 branch of the dungeon, and saw 2 of its levels.

You collected 143 gold pieces.

Inventory:

Hand Weapons
 e - a +0 dagger (weapon)
Missiles
 h - 29 stones
Jewellery
 g - an amulet of magic regeneration (around neck)
Scrolls
 b - a scroll of enchant weapon {unknown}
 c - a scroll of enchant armour {unknown}
 f - a scroll of immolation {unknown}
 i - a scroll of vulnerability {unknown}


   Skills:
 + Level 1.0 Fighting
 + Level 1.0 Short Blades
 - Level 2.2 Dodging
 - Level 1.7 Stealth
 - Level 2.0 Spellcasting
 - Level 2.0 Transmutations
 + Level 3.6 Earth Magic


You couldn't memorise any spells.
You knew the following spells:

 Your Spells              Type           Power      Damage    Failure   Level
a - Sandblast             Erth           26%        2d8       4%          1
b - Passwall              Tmut/Erth      8%         N/A       10%         2
c - Stone Arrow           Conj/Erth      14%        3d7       30%         3

Your spell library contained the following spells:

 Spells                   Type           Power      Damage    Failure   Level
 Petrify                  Tmut/Erth      10%        N/A       54%         4
 Lee's Rapid Deconstruct  Erth           6%         3d7*      78%         5


Dungeon Overview and Level Annotations

Branches:
Dungeon (2/15)

Altars:
Gozag


Innate Abilities, Weirdness & Mutations

Your plain brown scales are hard. (AC +5)
You cannot fit into any form of body armour.
You are cold-blooded and may be slowed by cold attacks.
You have sharp fingernails.
You have supernaturally acute eyesight. (SInv)


Message History

You hit the iguana but do no damage.
The iguana is severely wounded.
You hit the iguana but do no damage.
The iguana is severely wounded.
The iguana bites you!
You are too injured to fight recklessly!
You are too injured to fight recklessly!
Casting: Sandblast (safe; 4% risk of failure)
Confirm with . or Enter, or press ? or * to list all spells.
Aiming: Sandblast (safe; 4% risk of failure)
Press: ? - help, Shift-Dir - straight line, f/p - iguana
Aim: an iguana (severely wounded, 18% to evade)
The blast of sand hits the iguana but does no damage.
The iguana is severely wounded.
The iguana bites you!
* * * LOW HITPOINT WARNING * * *
Okay, then.
It was a potion of mutation.
You feel extremely strange.
Your fingernails lengthen.
Your vision sharpens.
The iguana barely misses you.
It was a potion of curing.
You feel better. The iguana closely misses you.
Casting: Sandblast (safe; 4% risk of failure)
Confirm with . or Enter, or press ? or * to list all spells.
Aiming: Sandblast (safe; 4% risk of failure)
Press: ? - help, Shift-Dir - straight line, f/p - iguana
Aim: an iguana (severely wounded, 18% to evade)
The blast of sand hits the iguana.
The iguana is almost dead.
The iguana misses you.
Your magical contamination has completely faded away.
You closely miss the iguana.
The iguana is almost dead.
The iguana closely misses you.
You closely miss the iguana.
The iguana is almost dead.
The iguana closely misses you.
You hit the iguana but do no damage.
The iguana is almost dead.
The iguana bites you!
You die...

..# #.# #### # #.# ##
... .# ####.##### .
..###.#.#.........
#.#.....#...........
##.#...#.###.........
+...@........†.......
##$#l#.#.##.#.#......
##.#.#.#.##.#.#.#####
+...........#.#.#
##.#.#.#.##...#.#####
...#.#.# #..........
### #.#.#
##...#.##### ..
#.#.#.#........... #
#.#.#.#.####....####


You could see an iguana.

Vanquished Creatures
  2 adders (D:2)
  7 ball pythons
  4 endoplasms
  2 giant cockroaches
  3 goblins
  3 hobgoblins (D:1)
  5 jackals (D:1)
  2 quokkas (D:1)
  4 bats
  3 frilled lizards
  3 kobolds
  A rat (D:2)
39 creatures vanquished.

Notes
Turn   | Place    | Note
-------+----------+-------------------------------------------
     0 | D:1      | sizableburger the Draconian Earth Elementalist began the
                  | quest for the Orb.
     0 | D:1      | Reached XP level 1. HP: 14/14 MP: 3/3
    26 | D:1      | Noticed a bullfrog
   156 | D:1      | Reached XP level 2. HP: 3/20 MP: 0/5
   468 | D:1      | Learned a level 2 spell: Passwall
  1411 | D:1      | Reached XP level 3. HP: 26/26 MP: 6/6
  1586 | D:1      | Learned a level 3 spell: Stone Arrow
  2043 | D:2      | Reached skill level 1 in Short Blades
  2086 | D:2      | Reached skill level 1 in Fighting
  2215 | D:2      | Found an opulent altar of Gozag.
  2327 | D:2      | Gained mutation: You have sharp fingernails. [potion of
                  | mutation]
  2327 | D:2      | Gained mutation: You have supernaturally acute eyesight.
                  | (SInv) [potion of mutation]
  2332 | D:2      | Slain by an iguana

Illustrated notes

Levels and vault maps discovered:
D:1:      evilmike_arrival_come_back, layout_basic
D:2:      layout_basic, nicolae_gozag_cash_rules_everything_around_me,
          minmay_hedge_maze, feat_on_display

Skill      XL: |  1  2  3 |
---------------+----------+-----
Dodging        | 2 |  2.2
Transmutations | 2 |  2.0
Short Blades   | 1 |  1.0
Fighting       | 1 |  1.0
Stealth        | |  1.7
Spellcasting   | |  2.0
Earth Magic    | |  3.6

Action                   || total
-------------------------++-------
Melee: Unarmed           ||     6
       Dagger            ||    68
       Tailslap          ||     5
 Cast: Sandblast         ||    42
       Stone Arrow       ||     2
  Use: Potion            ||     2
Armor: Skin              ||    36
Dodge: Dodged            ||    66

Table legend: (Time is in decaauts)
 A = Elapsed time spent in this place.
 B = Non-inter-level travel time spent in this place.
 C = Inter-level travel time spent in this place.
 D = Time resting spent in this place.
 E = Time spent auto-exploring this place.
 F = Levels seen in this place.
 G = Mean time per level.
                   A        B        C        D        E       F      G
               +--------+--------+--------+--------+--------+-----+--------+
         Total |   2332 |   2272 |     60 |    789 |   1053 |   2 | 1166.0 |
       Dungeon |   2332 |   2272 |     60 |    789 |   1053 |   2 | 1166.0 |
               +--------+--------+--------+--------+--------+-----+--------+

Top non-repeatable levels by time:
     D:1: 1725 daAuts
     D:2: 607 daAuts
